Map: Thunderbird LE

Players

Harstem

  • Race: Protoss Protoss
  • League: Grandmaster
  • Spawn Location: 5:00

DPGPartinG (PartinG) - Winner!

  • Race: Protoss Protoss
  • Spawn Location: 11:00

Event: HomeStory Cup XX

VOD

Have the link to the VOD?

Description

Time

  • Played on: Nov. 21, 2019, 4:08 p.m.
  • Length: 7:43

All games in this series

Show
View Real Time Build Order
Export as new Build Order

Harstem Protoss 

Build Orders: 1 Gate Expand 

Get SALT Encoding   

  12  0:00  Probe  
  13  0:13  Probe  
  14  0:20  Pylon  
  14  0:25  Probe  
  15  0:33  Assimilator  
  15  0:34  Probe  
  15  0:42  Probe  
  16  0:47  Gateway  
  17  0:52  Probe  
  19  1:04  Probe  
  19  1:16  Probe  
  20  1:24  Nexus  
  20  1:35  Cybernetics Core  
  20  1:36  Probe  
  21  1:44  Assimilator  
  21  1:48  Probe  
  21  1:51  Pylon  
  22  2:00  Probe  
  23  2:02  Stalker  
  23  2:12  Probe  
  23  2:13  Warp Gate  
  26  2:23  Stalker  
  26  2:24  Probe, Robotics Facility  
  27  2:36  Probe  
  30  2:37  Probe  
  31  2:48  Shield Battery  
  32  2:52  Stalker  
  32  3:01  Immortal  
  36  3:13  Shield Battery  
  36  3:18  Gateway  
  36  3:19  Probe  
  37  3:26  Probe  
  38  3:29  Zealot  
  40  3:35  Pylon  
  40  3:41  Immortal  
  42  3:57  Shield Battery  
  42  3:58  Pylon  
  42  4:04  Sentry  
  42  4:05  Pylon  
  42  4:06  Shield Battery  
  44  4:18  Shield Battery  
  44  4:21  Pylon  
  44  4:23  Probe  
  41  4:25  Probe  
  43  4:32  Probe  
  43  4:33  Pylon  
  43  4:36  Warp Prism, Probe  
  45  4:40  Probe  
  45  4:45  Sentry  
  50  4:46  Probe  
  50  4:50  Probe  
  50  4:58  Probe  
  50  4:59  Shield Battery  
  51  5:04  Probe  
  51  5:05  Pylon  
  52  5:09  Zealot  
  52  5:10  Probe  
  55  5:21  Gateway  
  55  5:22  Pylon  
  55  5:29  Probe  
  56  5:39  Probe  
  56  5:40  Adept x2  
  56  5:41  Probe  
  62  5:51  Probe  
  62  5:53  Probe  
  62  5:54  Assimilator  
  64  5:57  Forge  
  64  5:59  Assimilator  
  64  6:01  Twilight Council  
  64  6:03  Probe  
  63  6:06  Probe  
  63  6:09  Stalker x2  
  63  6:10  Phoenix  
  64  6:14  Pylon  
  64  6:18  Probe  
  64  6:19  Stalker  
  64  6:20  Probe  
  62  6:26  Probe  
  62  6:29  Gateway  
  62  6:31  Gateway  
  62  6:32  Observer  
  64  6:37  Zealot x2  
  68  6:41  Probe  
  68  6:43  Stalker  
  68  6:45  Probe  
  68  6:50  Probe  
  64  6:58  Probe  
  64  7:00  Immortal  
  69  7:01  Probe  
  70  7:13  Cybernetics Core  
  71  7:17  Zealot  
  68  7:28  Zealot x3  
  72  7:35  Cybernetics Core  
  65  7:39  Pylon  
Show
View Real Time Build Order
Export as new Build Order

DPGPartinG Protoss - Winner!

Build Orders:  

Get SALT Encoding   

  12  0:00  Probe  
  13  0:12  Probe  
  14  0:17  Pylon  
  14  0:24  Probe  
  15  0:32  Probe  
  15  0:36  Gateway  
  15  0:40  Probe  
  16  0:46  Assimilator  
  17  0:51  Probe  
  17  0:54  Assimilator  
  18  0:59  Probe  
  19  1:06  Gateway  
  19  1:07  Probe  
  19  1:17  Probe  
  20  1:23  Cybernetics Core  
  21  1:29  Probe  
  22  1:32  Pylon  
  22  1:41  Probe  
  22  1:42  Warp Gate  
  23  1:50  Gateway  
  23  1:59  Stalker  
  25  2:03  Stalker  
  25  2:08  Probe  
  28  2:16  Pylon  
  28  2:29  Stalker  
  30  2:33  Stalker  
  32  2:38  Stalker  
  33  3:04  Nexus  
  33  3:08  Pylon  
  33  3:30  Stalker x2  
  33  3:32  Stalker  
  39  3:35  Probe  
  40  3:55  Adept x3  
  42  3:57  Probe  
  43  4:07  Stargate  
  43  4:12  Probe  
  44  4:23  Probe x2  
  40  4:28  Adept x2  
  44  4:32  Probe  
  44  4:35  Adept, Probe  
  45  4:45  Probe x2  
  46  4:49  Oracle  
  51  5:00  Shield Battery  
  51  5:01  Probe  
  51  5:03  Sentry x2  
  51  5:06  Probe  
  57  5:13  Pylon, Probe  
  58  5:16  Zealot  
  58  5:19  Phoenix  
  62  5:31  Probe x2  
  64  5:40  Pylon  
  64  5:42  Shield Battery  
  64  5:43  Probe x2  
  64  5:46  Phoenix  
  64  5:49  Zealot  
  70  6:02  Stalker x2  
  74  6:11  Phoenix  
  74  6:15  Probe x2  
  78  6:29  Pylon  
  78  6:31  Pylon  
  78  6:36  Nexus  
  78  6:37  Pylon, Twilight Council  
  78  6:40  Assimilator, Pylon  
  78  6:41  Assimilator  
  78  6:47  Probe  
  78  6:48  Probe  
  77  6:55  Phoenix  
  77  7:00  Probe  
  80  7:02  Probe  
  80  7:06  Adept x3  
  87  7:12  Probe  
  88  7:21  Probe  
  89  7:24  Probe  
  90  7:30  Robotics Facility  
  90  7:39  Stalker  
  90  7:40  Stalker x2  
Tags
 
Add a new tag
Caveats
  • Supply blocks, unpowered buildings, or Contaminate may cause inaccurate times.
  • Supply counts are checked every 10 seconds.